 Dungeon Crawl Stone Soup version 0.25-b1-39-g0d900dab71 (webtiles) character file.

Game seed: 11656451862194414014

9692 Dirian the Fencer (level 11, -6/99 HPs)
             Began as a Minotaur Fighter on June 7, 2020.
             Was a Believer of Ru.
             Mangled by a yak (11 damage)
             ... on level 10 of the Dungeon.
             The game lasted 00:25:28 (10752 turns).

Dirian the Fencer (Minotaur Fighter)               Turns: 10752, Time: 00:25:29

Health: -6/99      AC: 17    Str: 25    XL:     11   Next: 26%
Magic:  13/13      EV:  6    Int:  8    God:    Ru [**....]
Gold:   131        SH: 12    Dex:  9    Spells: 10/10 levels left

rFire    . . .     SeeInvis +   a - +1 long sword
rCold    . . .     Gourm    .   o - +2 kite shield "Reasecox" {Int+3}
rNeg     . . .     Faith    .   r - +1 chain mail
rPois    .         Spirit   .   (helmet restricted)
rElec    .         Reflect  .   (no cloak)
rCorr    .         Harm     .   (no gloves)
MR       .....                  E - +1 pair of boots
Stlth    ..........             (no amulet)
HPRegen  0.26/turn              q - ring of see invisible
MPRegen  0.13/turn              k - +4 ring of protection

@: mighty
A: retaliatory headbutt, horns 2, inability to train dodging, no earth magic, no
necromancy magic, no summoning magic
a: Renounce Religion


You were on level 10 of the Dungeon.
You worshipped Ru.
Ru was pleased with you.
You were not hungry.

You visited 1 branch of the dungeon, and saw 10 of its levels.
You also visited: Sewer and Ossuary.

You collected 446 gold pieces.
You spent 315 gold pieces at shops.

Inventory:

Hand Weapons
 a - a +1 long sword (weapon)
 b - a +0 antimagic falchion
Armour
 o - the +2 kite shield "Reasecox" (worn) {Int+3}
   (You found it on level 5 of the Dungeon)

   It affects your intelligence (+3).
 r - a +1 chain mail (worn)
 y - a +0 plate armour
 E - a +1 pair of boots (worn)
 F - the +4 skin of Zhor {Englaciate rC+++ SInv}
   (You took it off an orc on level 9 of the Dungeon)

   It renders you almost immune to cold.
   It lets you see invisible.
Jewellery
 c - a +6 ring of strength
 h - an uncursed ring of positive energy
 k - a +4 ring of protection (right hand)
 q - a ring of see invisible (left hand)
Wands
 t - a wand of digging (4)
 w - a wand of iceblast (21)
 z - a wand of flame (16)
Scrolls
 e - 3 scrolls of immolation
 i - 3 scrolls of remove curse
 l - 3 scrolls of blinking
 m - a scroll of amnesia
 n - 5 scrolls of teleportation
 p - 2 scrolls of fear
 C - a scroll of enchant armour
Potions
 d - 3 potions of might
 g - 6 potions of flight
 j - 4 potions of haste
 s - 7 potions of curing
 v - a potion of resistance
 x - 2 potions of invisibility {unknown}
 A - a potion of mutation
 B - 2 potions of brilliance
 D - a potion of heal wounds
Comestibles
 f - 20 rations
 u - 2 chunks of flesh


   Skills:
 - Level 10.0 Fighting
 - Level 16.0 Long Blades
 - Level 5.7 Armour
 - Level 5.4 Shields
 * Level 4.8 Evocations


You had 10 spell levels left.
You didn't know any spells.
Your spell library was empty.

Dungeon Overview and Level Annotations

Branches:
Dungeon (10/15)            Temple (0/1) D:7            Lair (0/6) D:10
    Orc (0/2) D:9           Sewer (visited)         Ossuary (visited)

Altars:
Ashenzari
Cheibriados
Dithmenos
Elyvilon
Gozag
Kikubaaqudgha
Qazlal
Ru
Sif Muna
Trog
Uskayaw
Xom
Yredelemnul

Shops:
D:8 [   D:9 !


Innate Abilities, Weirdness & Mutations

You reflexively headbutt those who attack you in melee.
You have a pair of horns on your head.
You cannot train Dodging skill.
You cannot study or cast Earth magic.
You cannot study or cast Necromancy magic.
You cannot study or cast Summoning magic.


Message History

You slash the yak! You headbutt the yak, but do no damage.
The yak is severely wounded.
The yak gores you!
* * * LOW HITPOINT WARNING * * *
You block the yak's attack. The yak gores you.
* * * LOW HITPOINT WARNING * * *
The yak gores you!
* * * LOW HITPOINT WARNING * * *
You feel much better.
You block the yak's attack. x2; The yak gores you!
* * * LOW HITPOINT WARNING * * *
You focus your will and illuminate the yak in retribution!
The yak gores you but does no damage.
The yak is stunned by your will and fails to attack.
You feel very mighty all of a sudden. The yak gores you but does no damage.
The yak gores you!
* * * LOW HITPOINT WARNING * * *
The yak gores you!
* * * LOW HITPOINT WARNING * * *
You block the yak's attack. The yak gores you!
You die...

..P......P.....#
#..P...[....#..#
#.........##..#
####.....####..#
...............####
...................
.......>...........
...........YY####
...........Y@#
...........YY#
...............
.............###
............#
...........#
..........#
.........


You could see 5 yaks.

Vanquished Creatures
  A two-headed ogre (D:9)
  Pikel (D:4)
  An ugly thing (D:7)
  An elephant (D:9)
  A gargoyle (D:8)
  A troll (D:9)
  A hippogriff (D:8)
  14 yaks
  Sigmund (D:4)
  Menkaure (D:6)
  A human (D:8)
  A hungry ghost (D:8)
  A swamp drake (D:9)
  A black bear (D:7)
  An ice beast (D:5)
  5 ogres
  4 orc warriors
  2 slaves (D:4)
  2 sky beasts
  4 phantoms
  2 centaurs
  A crocodile (D:9)
  An elf zombie (D:7)
  3 big kobolds
  4 bullfrogs
  5 scorpions
  A jelly (D:8)
  3 howler monkeys
  2 crimson imps
  3 quasits
  3 human zombies (Ossuary)
  8 orc priests
  3 hounds
  3 bullfrog skeletons
  5 human skeletons (D:7)
  13 orc wizards
  5 iguanas
  5 worker ants
  3 mummies (Ossuary)
  2 worker ant zombies
  Robin (D:4)
  7 gnolls
  2 river rats
  13 adders
  5 scorpion zombies (Ossuary)
  2 shadow imps
  6 oozes
  2 adder skeletons
  2 adder zombies
  2 worms
  A dart slug (D:2)
  2 leopard geckos
  39 orcs
  3 bats (D:1)
  6 giant cockroaches
  11 goblins
  14 hobgoblins
  6 jackals
  17 kobolds
  5 quokkas
  A ball python (D:3)
  A ball python zombie (D:5)
  2 frilled lizards
  A gnoll zombie (Ossuary)
  3 goblin zombies (Ossuary)
  A jackal zombie (D:5)
  2 leopard gecko skeletons
  A leopard gecko zombie (D:7)
  4 orc skeletons (D:7)
  5 orc zombies
  A quokka skeleton (D:4)
  9 rats
297 creatures vanquished.

Vanquished Creatures (others)
  An orc (D:9)
1 creature vanquished.

Grand Total: 298 creatures vanquished

Notes
Turn   | Place    | Note
-------+----------+-------------------------------------------
     0 | D:1      | Dirian the Minotaur Fighter began the quest for the Orb.
     0 | D:1      | Reached XP level 1. HP: 19/19 MP: 0/0
   269 | D:1      | Reached XP level 2. HP: 27/27 MP: 1/1
   636 | D:1      | Reached skill level 3 in Long Blades
   876 | D:2      | Reached XP level 3. HP: 18/33 MP: 2/2
  1277 | D:2      | You fall into a shaft and drop 1 floor!
  1338 | D:3      | Found a shattered altar of Ashenzari.
  1401 | D:3      | Found a faded altar of an unknown god.
  1412 | D:3      | Became a worshipper of Ru the Awakened
  1485 | D:3      | Noticed an ogre
  1496 | D:3      | Killed an ogre
  1496 | D:3      | Reached skill level 4 in Long Blades
  1496 | D:3      | Reached XP level 4. HP: 40/40 MP: 3/3
  1496 | D:3      | Reached XP level 5. HP: 46/46 MP: 4/4
  1540 | D:3      | Found an opulent altar of Gozag.
  1555 | D:3      | Reached skill level 5 in Long Blades
  1645 | D:3      | Found a glowing drain.
  1678 | Sewer    | Entered a sewer
  1997 | Sewer    | Reached XP level 6. HP: 53/53 MP: 5/5
  2008 | Sewer    | Reached skill level 5 in Armour
  2301 | Sewer    | Reached skill level 6 in Long Blades
  2301 | Sewer    | Reached skill level 5 in Shields
  3000 | D:4      | Noticed a slave
  3021 | D:4      | Noticed Pikel
  3026 | D:4      | Noticed a slave
  3027 | D:4      | Noticed a slave
  3029 | D:4      | Noticed a slave
  3032 | D:4      | Killed Pikel
  3032 | D:4      | Reached skill level 5 in Fighting
  3032 | D:4      | Reached skill level 8 in Long Blades
  3032 | D:4      | Reached XP level 7. HP: 35/61 MP: 6/6
  3412 | D:4      | Noticed Robin
  3461 | D:4      | Killed Robin
  3749 | D:4      | Noticed Sigmund
  3761 | D:4      | Killed Sigmund
  3761 | D:4      | Reached skill level 9 in Long Blades
  3761 | D:4      | Reached XP level 8. HP: 46/69 MP: 7/7
  4424 | D:5      | Entered Level 5 of the Dungeon
  4475 | D:5      | Reached skill level 10 in Long Blades
  4552 | D:5      | Got a shimmering kite shield
  4818 | D:5      | Reached skill level 11 in Long Blades
  5190 | D:5      | Identified the +2 kite shield "Reasecox" {Int+3} (You found
                  | it on level 5 of the Dungeon)
  5324 | D:6      | Found a bloodstained altar of Trog.
  5391 | D:6      | Reached XP level 9. HP: 77/78 MP: 8/8
  5401 | D:6      | Noticed Menkaure
  5424 | D:6      | Killed Menkaure
  5786 | D:6      | Reached skill level 12 in Long Blades
  5977 | D:6      | Found a basalt altar of Yredelemnul.
  6137 | D:7      | Gained mutation: You cannot study or cast Earth magic. [Ru
                  | sacrifice]
  6137 | D:7      | Gained mutation: You cannot study or cast Necromancy magic.
                  | [Ru sacrifice]
  6137 | D:7      | Gained mutation: You cannot study or cast Summoning magic.
                  | [Ru sacrifice]
  6137 | D:7      | Reached * piety under Ru
  6261 | D:7      | Noticed a red ugly thing
  6289 | D:7      | Killed a red ugly thing
  6289 | D:7      | Reached skill level 13 in Long Blades
  6499 | D:7      | Found a sand-covered staircase.
  6505 | Ossuary  | Entered an ossuary
  6801 | Ossuary  | Reached skill level 14 in Long Blades
  6915 | D:7      | Reached XP level 10. HP: 86/88 MP: 9/9
  7209 | D:7      | Found a staircase to the Ecumenical Temple.
  7352 | D:7      | Found a white marble altar of Elyvilon.
  8195 | D:8      | Reached skill level 1 in Evocations
  8283 | D:8      | Found an ancient bone altar of Kikubaaqudgha.
  8289 | D:8      | Found Mimereg's Antique Armour Boutique.
  8294 | D:8      | Found a shadowy altar of Dithmenos.
  8294 | D:8      | Noticed a gargoyle
  8305 | D:8      | Killed a gargoyle
  8473 | D:8      | Gained mutation: You cannot train Dodging skill. [Ru
                  | sacrifice]
  8473 | D:8      | Reached ** piety under Ru
  8495 | D:8      | Reached skill level 15 in Long Blades
  8880 | D:8      | Found a stormy altar of Qazlal.
  9023 | D:9      | Found Kouggoc's Distillery.
  9032 | D:9      | Bought a potion of curing for 45 gold pieces
  9032 | D:9      | Bought 2 potions of heal wounds for 150 gold pieces
  9032 | D:9      | Bought a potion of might for 60 gold pieces
  9032 | D:9      | Bought a potion of might for 60 gold pieces
  9053 | D:9      | Found a snail-covered altar of Cheibriados.
  9103 | D:9      | Found a shadowy altar of Dithmenos.
  9350 | D:9      | Found a shimmering altar of Xom.
  9352 | D:9      | Found a shimmering altar of Xom.
  9355 | D:9      | Found a shimmering altar of Xom.
  9355 | D:9      | Found a shimmering altar of Xom.
  9356 | D:9      | Found a shimmering altar of Xom.
  9356 | D:9      | Found a shimmering altar of Xom.
  9356 | D:9      | Found a shimmering altar of Xom.
  9356 | D:9      | Found a shimmering altar of Xom.
  9356 | D:9      | Found a shimmering altar of Xom.
  9356 | D:9      | Found a shimmering altar of Xom.
  9453 | D:9      | Found a shimmering blue altar of Sif Muna.
  9453 | D:9      | Found a hide-covered altar of Uskayaw.
  9513 | D:9      | Noticed a two-headed ogre
  9520 | D:9      | Killed a two-headed ogre
  9786 | D:9      | Reached skill level 16 in Long Blades
  9985 | D:9      | Found a staircase to the Orcish Mines.
 10291 | D:10     | Entered Level 10 of the Dungeon
 10337 | D:10     | Noticed an elephant
 10344 | D:9      | Reached XP level 11. HP: 96/97 MP: 12/12
 10442 | D:9      | Reached skill level 10 in Fighting
 10727 | D:10     | Found a staircase to the Lair.
 10752 | D:10     | Mangled by a yak

Illustrated notes

Levels and vault maps discovered:
D:1:      lightli_arrival_boilingwater, layout_basic
D:2:      layout_basic
D:3:      layout_rooms, grunt_gozag_breadcrumbs, ashenzari_altar_1,
          chequers_ecumenical_altar_simple, first_ration,
          gup_sewer_entry_bubbles, grunt_ministairs_7, chequers_big_river
D:4:      layout_gridville, uniq_sigmund, uniq_pikel, uniq_robin
D:5:      layout_loops_ring, lemuel_old_faithful
D:6:      layout_cave_pools, lightli_temple_of_fire, kennysheep_mini_moat,
          uniq_menkaure
D:7:      kennysheep_big_flooded_room, layout_layer_cave, elyvilon_altar_1,
          temple_statues, nicolae_ossuary_entry_catacombs
D:8:      layout_rooms, nicolae_overflow_hidden_temple,
          lemuel_coloured_pillars_altar, kennysheep_mini, serial_shops, shop,
          grunt_pizzeria
D:9:      layout_roguey, lemuel_crystal_altar, xom_redecorated,
          gammafunk_temple_overflow_elements, erik_orc_1, serial_shops,
          shop_fountains, grunt_dithmenos_smoke_and_mirrors
D:10:     layout_long_grid, david_lair_generic, solitary_fountain,
          minmay_guarded_unrand_variability

Skill      XL: |  1  2  3  4  5  6  7  8  9 10 11 |
---------------+----------------------------------+-----
Long Blades    | 3 4 5 8 9 11 14 16 | 16.0
Armour         | 4 5 |  5.7
Shields        | 4 5 |  5.4
Fighting       | 4 5 6 7 9 10 | 10.0
Evocations     | 2 4 |  4.8

Action                   |  1- 3 |  4- 6 |  7- 9 | 10-12 || total
-------------------------+-------+-------+-------+-------++-------
Melee: Long sword        |   110 |   163 |   424 |   393 ||  1090
       Headbutt          |    10 |    24 |    88 |    95 ||   217
Invok: Reject Sacrifices |     1 |       |       |       ||     1
       Sacrifice Arcana  |       |       |     1 |       ||     1
       Sacrifice Nimblen |       |       |       |     1 ||     1
  Use: Potion            |       |     1 |     1 |     5 ||     7
       Scroll            |       |       |    17 |     2 ||    19
 Stab: Distracted        |       |       |       |     2 ||     2
  Eat: Chunk             |     2 |     3 |     9 |    15 ||    29
       Ration            |       |     1 |     1 |       ||     2
Armor: Scale mail        |    48 |    49 |    64 |       ||   161
       Chain mail        |       |       |    76 |   178 ||   254
Dodge: Dodged            |    34 |    37 |    83 |    76 ||   230
Block: Kite shield       |    66 |    68 |   175 |   220 ||   529
       Rpst.: Long sword |     7 |    10 |    22 |    18 ||    57
